 Dungeon Crawl Stone Soup version 0.30.0-5-g1a98f26d00 (webtiles) character file.

Game seed: 7443464938229513302

210 AarnesTheHuman the Trooper (level 5, 0/48 HPs)
             Began as a Hill Orc Fighter on May 10, 2023.
             Slain by an orc wizard
             ... wielding a +0 dagger
              (2 damage)
             ... on level 4 of the Dungeon.
             The game lasted 00:04:24 (2242 turns).

AarnesTheHuman the Trooper (Hill Orc Fighter)       Turns: 2242, Time: 00:04:25

Health: 0/48       AC:  7    Str: 21    XL:     5   Next: 87%
Magic:  5/5        EV:  9    Int:  8    God:
Gold:   216        SH:  4    Dex: 10    Spells: 4/4 levels left

rFire   . . .        a - +0 war axe
rCold   . . .        c - +0 buckler
rNeg    . . .        b - +0 scale mail
rPois   .            (no helmet)
rElec   .            (no cloak)
rCorr   .            (no gloves)
SInv    .            (no boots)
Will    .....        (no amulet) Stlth
                     (no ring)
HPRegen 0.28/turn    (no ring)
MPRegen 0.09/turn

%: no passive effects
@: on berserk cooldown, flying, slowed, very slow
A: no striking features
a: no special abilities


You were on level 4 of the Dungeon.
You visited 1 branch of the dungeon, and saw 4 of its levels.

You collected 216 gold pieces.

Inventory:

Hand Weapons
 a - a +0 war axe (weapon)
 p - a +1 dagger of speed
Missiles
 h - 33 stones (quivered)
 m - 4 curare-tipped darts
 r - 11 poisoned darts
Armour
 b - a +0 scale mail (worn)
 c - a +0 buckler (worn)
Magical Staves
 f - a staff of air
Jewellery
 v - a ring of wizardry
Scrolls
 e - a scroll of acquirement {unknown}
 g - a scroll of fog {unknown}
 i - 2 scrolls of poison {unknown}
 j - 4 scrolls of teleportation {unknown}
 k - a scroll of amnesia {unknown}
 n - 2 scrolls of identify {unknown}
 o - a scroll of summoning {unknown}
 q - a scroll of vulnerability {unknown}
 s - a scroll of torment {unknown}
 t - a scroll of immolation {unknown}
Potions
 d - 2 potions of might
 l - a potion of flight


   Skills:
 + Level 5.0 Fighting
 + Level 4.4 Axes
 + Level 4.3 Armour
 + Level 4.5 Shields


You had 4 spell levels left.
You didn't know any spells.
Your spell library contained the following spells:

 Spells                   Type           Power      Damage    Failure   Level
 Necrotise                Necr           0%         1d4       80%         1
 Summon Small Mammal      Summ           0%         N/A       80%         1
 Sublimation of Blood     Necr           0%         N/A       91%         2
 Wereblood                Tmut           0%         N/A       91%         2
 Call Canine Familiar     Summ           0%         N/A       99%         3
 Summon Guardian Golem    Hex/Summ       0%         N/A       99%         3
 Vampiric Draining        Necr           0%         2d6       99%         3
 Agony                    Necr           0%         N/A       100%        5
 Summon Forest            Summ/Tloc      0%         N/A       100%        5
 Summon Mana Viper        Hex/Summ       0%         N/A       100%        5
 Summon Cactus Giant      Summ           0%         N/A       100%        6
 Summon Hydra             Summ           0%         N/A       100%        7


Dungeon Overview and Level Annotations

Branches:
Dungeon (4/15)
 Temple: D:4-7

Altars:
Elyvilon
Hepliaklqana
Kikubaaqudgha
Sif Muna

Annotations:
D:3 Grinder
D:4 1 runed translucent door, Artemis2's ghost, novice TrBe


Message History

Something hits you.
* * * LOW HITPOINT WARNING * * *
Items here: )) [[ †.
You barely miss something. Something hits you but does no damage.
You barely miss something. Something hits you.
* * * LOW HITPOINT WARNING * * *
Something hits you but does no damage.
You closely miss something. Something hits you.
* * * LOW HITPOINT WARNING * * *
It was a potion of flight.
You feel very buoyant.
You fly up into the air.
You hear some strange, mumbled words.
You are confused.
It was a potion of berserk rage.
A red film seems to cover your vision as you go berserk!
You feel yourself moving faster!
You feel mighty!
You hear some strange, mumbled words.
A magic dart appears from out of thin air!
The magic dart hits you but does no damage.
You're too confused to move!
You feel a strong urge to attack something.
An orc wizard appears from thin air!
Reactivating autopickup.
The orc wizard hits you with a +0 dagger.
* * * LOW HITPOINT WARNING * * *
You bump into the rock wall.
You bump into the rock wall.
You feel your anger nearly subside.
The orc wizard hits you but does no damage.
You bump into the rock wall.
You are no longer berserk.
You are exhausted.
You feel yourself slow down.
The orc wizard hits you with a +0 dagger.
* * * LOW HITPOINT WARNING * * *
You closely miss the orc wizard.
You feel less confused.
The orc wizard hits you with a +0 dagger.
You die...

..######### ##...##
........... #.....#
###..###### ##...## #
#..#######.###.####....
#...................#
##.#######)###.######
#.# # #.# #.#######.#
#.# #.........###@#
####........#o#
#..###.#.#o#
#..###[#.#.#
#...........
#..###.#.#.# #... ...
##.## ... #..


You could see an orc wizard and an orc.

Vanquished Creatures
  An orc wizard (D:4)
  3 gnolls (D:2)
  4 adders
  2 dart slugs (D:1)
  13 orcs (D:3)
  8 ball pythons
  6 bats
  4 endoplasms
  2 giant cockroaches (D:1)
  4 goblins
  10 hobgoblins
  3 jackals (D:1)
  10 kobolds
  2 quokkas
  5 frilled lizards
  6 rats
83 creatures vanquished.

Vanquished Creatures (others)
  An orc wizard (D:4)
1 creature vanquished.

Grand Total: 84 creatures vanquished

Notes
Turn   | Place    | Note
-------+----------+-------------------------------------------
     0 | D:1      | AarnesTheHuman the Hill Orc Fighter began the quest for the
                  | Orb.
     0 | D:1      | Reached XP level 1. HP: 19/19 MP: 1/1
   111 | D:1      | Reached XP level 2. HP: 27/27 MP: 2/2
   319 | D:1      | Reached skill level 4 in Fighting
   330 | D:1      | Reached XP level 3. HP: 30/33 MP: 3/3
   551 | D:1      | Found a faded altar of an unknown god.
   872 | D:2      | Reached XP level 4. HP: 41/41 MP: 4/4
  1330 | D:2      | Reached XP level 5. HP: 47/47 MP: 5/5
  1732 | D:3      | Noticed Grinder
  1932 | D:4      | Found an ancient bone altar of Kikubaaqudgha.
  1934 | D:4      | Found a shimmering blue altar of Sif Muna.
  1936 | D:4      | Found a hazy altar of Hepliaklqana.
  1965 | D:4      | Found a white marble altar of Elyvilon.
  2031 | D:4      | Found a runed translucent door.
  2034 | D:4      | Noticed Artemis2's ghost (novice TrBe)
  2232 | D:4      | Reached skill level 5 in Fighting
  2241 | D:4      | HP: 1/48 [orc wizard/+0 dagger (3)]
  2242 | D:4      | Slain by an orc wizard

Illustrated notes

Levels and vault maps discovered:
D:1:      tekkud_arrival_beachfront_property, layout_loops_ring,
          ebering_ecumenical_altar_hall, chequers_serial_rivers_small_3,
          minmay_3d_cube
D:2:      layout_basic, minmay_hexomino_u4
D:3:      layout_loops_cross, uniq_grinder
D:4:      layout_loops_corners, nicolae_overflow_quartered_altars,
          ebering_ghost_sewer_d

Skill      XL: |  1  2  3  4  5 |
---------------+----------------+-----
Axes           | 3 4 |  4.4
Fighting       | 4 5 |  5.0
Shields        | 4 |  4.5
Armour         | 4 |  4.3

Action                     |  1- 3 |  4- 6 || total
---------------------------+-------+-------++-------
  Melee: War axe           |   108 |   132 ||   240
         Dagger            |       |    25 ||    25
    Use: Potion            |       |     2 ||     2
 Armour: Scale mail        |    58 |    53 ||   111
  Dodge: Dodged            |    70 |    44 ||   114
  Block: Buckler           |    29 |    23 ||    52
